 Dungeon Crawl Stone Soup version 0.31.0 (webtiles) character file.

Game seed: 14872056910359472039

61 qw the Shooter (level 4, -4/28 HPs)
             Began as a Gargoyle Hunter on Jan 19, 2024.
             Slain by a gnoll
             ... wielding a +0 spear
              (7 damage)
             ... on level 3 of the Dungeon.
             The game lasted 00:00:04 (999 turns).

qw the Shooter (Gargoyle Hunter)                     Turns: 999, Time: 00:00:05

Health: -4/28      AC:  6    Str: 15    XL:     4   Next: 7%
Magic:  4/4        EV: 11    Int:  9    God:
Gold:   70         SH:  0    Dex: 15    Spells: 3/3 levels left

rFire   . . .        a - +1 shortbow
rCold   . . .        (shield currently unavailable)
rNeg    + . .        c - +0 leather armour
rPois   inf          (no helmet)
rElec   +            (no cloak)
rCorr   .            (no gloves)
SInv    .            (no boots)
Will    .....        (no amulet)
Stlth   ++           (no ring)
HPRegen 0.24/turn    (no ring)
MPRegen 0.09/turn

%: no passive effects
@: no status effects
A: sickness immunity, AC +3, negative energy resistance 1, electricity
resistance, torment resistance 1, petrification resistance
a: no special abilities


You were on level 3 of the Dungeon.
You visited 1 branch of the dungeon, and saw 3 of its levels.

You collected 70 gold pieces.


Innate Abilities, Weirdness & Mutations

You are immune to sickness and miasma.
Your stone body is resilient. (AC +3)
You are immune to poison.
You resist negative energy. (rN+)
You are resistant to electric shocks. (rElec)
You are resistant to unholy torment.
You are immune to petrification.


   Skills:
 - Level 3.0 Fighting
 + Level 5.1 Ranged Weapons
 - Level 1.5 Dodging
 - Level 1.1 Stealth


You had 3 spell levels left.
You didn't know any spells.
Your spell library was empty.

Inventory:

Hand Weapons
 a - a +1 shortbow (weapon)
Armour
 c - a +0 leather armour (worn)
 e - the +0 robe "Zimmog" {Regen+ Str-4 Int+8 Dex-3}
   (You found it on level 2 of the Dungeon)

   Str-4:     It affects your strength (-4).
   Int+8:     It affects your intelligence (+8).
   Dex-3:     It affects your dexterity (-3).
   Regen+:    It increases your rate of health regeneration.
Scrolls
 h - a scroll of blinking {unknown}
Potions
 b - a potion of degeneration {unknown}
 d - a potion of lignification {unknown}
 f - a potion of brilliance {unknown}
 g - a potion of curing {unknown}

Dungeon Overview and Level Annotations

Branches:
Dungeon (2/15)

Altars:
Kikubaaqudgha

Shops:
D:1 *

Annotations:
D:3 1 transporter


Message History

Enter note:
987 ||| RETREEEEATING.
988 ||| RETREEEEATING.
Enter note:
989 ||| RETREEEEATING.
You shoot an arrow. The arrow hits the gnoll.
You kill the gnoll!
You have reached level 4!
You feel stronger.
You shoot an arrow. The arrow closely misses the quokka.
You shoot an arrow.
The arrow hits the quokka but does no damage.
The quokka bites you.
The gnoll hits you from afar with a +0 spear!
The quokka bites you but does no damage.
You shoot an arrow. The arrow hits the quokka.
The quokka is moderately wounded.
The gnoll hits you from afar with a +0 spear.
The quokka bites you.
You shoot an arrow. The arrow hits the quokka.
You kill the quokka!
The gnoll hits you but does no damage.
The gnoll hits you from afar with a +0 spear.
Enter note:
995 ||| RETREEEEATING.
The gnoll hits you with a +0 spear. x2
You see here a quokka corpse.
996 ||| RETREEEEATING.
The gnoll hits you from afar with a +0 spear.
The gnoll hits you but does no damage.
Enter note:
997 ||| RETREEEEATING.
The gnoll attacks as it pursues you! The gnoll barely misses you.
The gnoll hits you from afar with a +0 spear.
998 ||| RETREEEEATING.
The gnoll barely misses you. x2
You shoot an arrow. The arrow hits the gnoll.
The gnoll is lightly wounded.
The gnoll completely misses you. The gnoll barely misses you.
The gnoll hits you but does no damage. The gnoll hits you with a +0 spear!
You die...

.....#^.... ...#=..
....|.#.... ...#_.# #.#
#..#... .#
...#$.###.###..#..##.....
...#[..........#.........
...#..Z......ZZ#.###.....
...#############g........
...............gg###.....
..#.......[...##@# ...
..#...........##.###.....
....(#..................
..............##.###....
.........####.##.###....
.........# #...........
.....#.#.# #.##.####...
.#.#.#.#.####.##.#
.#.#.#...........#


You could see 3 gnolls, an adder zombie and a giant cockroach zombie.

Vanquished Creatures
  A gnoll (D:3)
  3 dart slugs (D:1)
  An orc (D:3)
  3 ball pythons
  7 bats (D:1)
  3 endoplasms
  3 goblins (D:1)
  3 hobgoblins
  4 jackals (D:1)
  3 kobolds
  3 quokkas
  A frilled lizard (D:1)
  5 rats
40 creatures vanquished.

Notes
Turn   | Place    | Note
-------+----------+-------------------------------------------
     0 | D:1      | qw the Gargoyle Hunter began the quest for the Orb.
     0 | D:1      | Reached XP level 1. HP: 12/12 MP: 1/1
     0 | D:1      | 0 ||| qw: Version: 0.3-a-132-g3d54051
     0 | D:1      | 0 ||| qw: Game counter: 338
     0 | D:1      | 0 ||| qw: Melee chars always use a shield: true
     0 | D:1      | 0 ||| qw: God list: Okawaru
     0 | D:1      | 0 ||| qw: Allow faded altars: false
     0 | D:1      | 0 ||| qw: Do Orc after clearing Dungeon:15 true
     0 | D:1      | 0 ||| qw: Do second Lair branch before Depths: true
     0 | D:1      | 0 ||| qw: Lair rune preference: random
     0 | D:1      | 0 ||| qw: Goals: Normal
     0 | D:1      | 0 ||| PLANNING D:1-11
   108 | D:1      | Reached XP level 2. HP: 16/17 MP: 2/2
   213 | D:1      | Reached XP level 3. HP: 21/21 MP: 3/3
   355 | D:1      | Reached skill level 5 in Ranged Weapons
   375 | D:1      | Found Haubboq's General Store.
   380 | D:1      | 380 ||| SHOPLISTING 2 potions of curing (60 gold, have 16).
   380 | D:1      | 380 ||| SHOPLISTING scroll of teleportation (30 gold, have
                  | 16).
   659 | D:1      | 659 ||| READING scroll labelled XAGASO FEOHI.
   676 | D:1      | 676 ||| READING scroll labelled KAIFES HADAR.
   676 | D:1      | 676 ||| ENCHANTING +0 shortbow.
   677 | D:1      | 677 ||| READING scroll labelled PAYTULOGEI.
   778 | D:1      | 778 ||| DROPPING scroll of butterflies.
   904 | D:2      | Identified the +0 robe "Zimmog" {Regen+ Str-4 Int+8 Dex-3}
   920 | D:2      | You fall into a shaft and drop 1 floor!
   921 | D:3      | 921 ||| PLANNING SEWER
   932 | D:3      | Reached skill level 3 in Fighting
   948 | D:3      | Found an ancient bone altar of Kikubaaqudgha.
   951 | D:3      | Found the ring of Shadows {Umbra +Inv Stlth+}
   980 | D:3      | Found a transporter.
   985 | D:3      | 985 ||| RETREEEEATING.
   987 | D:3      | 987 ||| RETREEEEATING.
   988 | D:3      | 988 ||| RETREEEEATING.
   989 | D:3      | 989 ||| RETREEEEATING.
   991 | D:3      | Reached XP level 4. HP: 28/28 MP: 4/4
   995 | D:3      | 995 ||| RETREEEEATING.
   995 | D:3      | HP: 7/28 [gnoll/+0 spear (2)]
   996 | D:3      | 996 ||| RETREEEEATING.
   997 | D:3      | 997 ||| RETREEEEATING.
   997 | D:3      | HP: 3/28 [gnoll/+0 spear (1)]
   998 | D:3      | 998 ||| RETREEEEATING.
   999 | D:3      | Slain by a gnoll

Levels and vault maps discovered:
D:1:      onia_arrival_mini_spirals, layout_basic, serial_shops, shop
D:2:      layout_basic, basic_altar, ebering_ecumenical_altar_rust,
          minmay_mini_jars
D:3:      layout_basic, gammafunk_temple_of_torment,
          nicolae_overflow_hidden_temple, portal_sewer_entry_b,
          chequers_serial_rivers_room_a, nrook_campfire, hex_tiny, uniq_grinder,
          uniq_robin

Skill      XL: |  1  2  3 |
---------------+----------+-----
Ranged Weapons | 5 |  5.1
Fighting       | 3 |  3.0
Dodging        | |  1.5
Stealth        | |  1.1

Action                     |  1- 3 |  4- 6 || total
---------------------------+-------+-------++-------
   Fire: Shortbow          |   110 |     5 ||   115
    Use: Scroll            |     3 |       ||     3
 Armour: Leather armour    |    21 |    14 ||    35
  Dodge: Dodged            |    23 |     5 ||    28

Table legend:
 A = Non-vault XP
 B = Vault XP
 C = Vault XP percentage of total XP
 D = Non-vault monster count
 E = Vault monster count
 F = Vault count percentage of total count
                 A         B        C        D         E       F
            +---------+---------+-------+---------+---------+-------
      Total |      88 |       0 |   0.0 |      40 |       0 |   0.0
            +---------+---------+-------+---------+---------+-------
        D:1 |      56 |       0 |   0.0 |      29 |       0 |   0.0
        D:2 |      13 |       0 |   0.0 |       8 |       0 |   0.0
        D:3 |      19 |       0 |   0.0 |       3 |       0 |   0.0
            +---------+---------+-------+---------+---------+-------
